 Dungeon Crawl Stone Soup version 0.27.1-3-gb3d3a73c9e (webtiles) character file.

Game seed: 11713441910653391142

2 Crownlay the Chiller (level 1, 0/7 HPs)
             Began as a Felid Ice Elementalist on Oct 20, 2021.
             Slain by a bat (1 damage)
             ... on level 1 of the Dungeon.
             The game lasted 00:00:31 (82 turns).

Crownlay the Chiller (Felid Ice Elementalist)         Turns: 82, Time: 00:00:31

Health: 0/7        AC:  1    Str:  4    XL:     1   Next: 33%
Magic:  4/4        EV: 17    Int: 16    God:
Gold:   0          SH:  0    Dex: 16    Spells: 3/4 levels left
                                        Lives:  0   Deaths: 0

rFire    . . .     SeeInvis +   (weapon unavailable)
rCold    . . .     Faith    .   (shield unavailable)
rNeg     . . .     Spirit   .   (armour unavailable)
rPois    .         Reflect  .   (helmet unavailable)
rElec    .         Harm     .   (cloak unavailable)
rCorr    .         Rampage  .   (gloves unavailable)
Will     .....                  (boots unavailable)
Stlth    ++........             (no amulet)
HPRegen  0.02/turn              (no ring)
MPRegen  0.09/turn              (no ring)

@: quick
A: very small, claws 1, fangs 3, see invisible, speed 1, shaggy fur 1, stealthy
paws, no weapons or thrown items, no armour, multi-lived
a: no special abilities


You were on level 1 of the Dungeon.
You visited 1 branch of the dungeon, and saw 1 of its levels.

Inventory:

Scrolls
 a - a scroll of magic mapping {unknown}


   Skills:
 - Level 2.6 Dodging
 + Level 2.8 Stealth
 * Level 0.5 Unarmed Combat
 - Level 2.0 Spellcasting
 - Level 3.6 Ice Magic


You had 3 spell levels left.
You knew the following spells:

 Your Spells              Type           Power      Damage    Failure   Level
a - Freeze                Ice            52%        1d7       4%          1

Your spell library contained the following spells:

 Spells                   Type           Power      Damage    Failure   Level
 Frozen Ramparts          Ice            26%        1d4       14%         3
 Ozocubu's Armour         Ice            13%        N/A       14%         3
 Hailstorm                Conj/Ice       7%         3d4       69%         4


Dungeon Overview and Level Annotations

Branches:
Dungeon (1/15)

Altars:


Innate Abilities, Weirdness & Mutations

You have sharp claws.
You have razor-sharp teeth.
You have supernaturally acute eyesight. (SInv)
You cover ground quickly. (Speed+)
You are covered in fur. (AC +1)
Your paws help you pounce on unaware monsters.
You are incapable of wielding weapons or throwing items.
You cannot wear armour.
You gain extra lives every three experience levels.


Message History

No target in view!
Found 26 stones.
No target in view!
A bat comes into view.
You closely miss the bat. The bat barely misses you.
A ball python and a hobgoblin come into view.
Found 6 gold pieces.
The hobgoblin shouts!
The bat closely misses you.
The hobgoblin moves out of view.
You see here 26 stones.
You barely miss the bat. Your bite misses the bat.
The bat completely misses you. The bat hits you but does no damage.
The bat hits you. The bat hits you.
You barely miss the bat. The bat completely misses you.
The hobgoblin closely misses you.
You barely miss the hobgoblin. The bat closely misses you.
The bat barely misses you. The ball python bites you.
The ball python grabs you. The ball python constricts you.
The hobgoblin barely misses you.
You scratch the ball python. Your bite misses the ball python.
The ball python is heavily wounded.
The bat misses you. The bat hits you. The ball python misses you.
The ball python constricts you.
* * * LOW HITPOINT WARNING * * *
The hobgoblin hits you but does no damage.
You are too injured to fight recklessly!
You are too injured to fight recklessly!
You are too injured to fight recklessly!
You are too injured to fight recklessly!
You are too injured to fight recklessly!
You escape the ball python's grasp.
The bat hits you.
* * * LOW HITPOINT WARNING * * *
You see here 26 stones.
You scratch the hobgoblin but do no damage.
The bat completely misses you.
You scratch the hobgoblin but do no damage.
The bat barely misses you. The bat hits you.
You die...

....##.##### #####
#......)..#######...#
#..#...##...........#
#.......#########...#
....#...## .........##
##. ##.## .######..## #
#.# ####...# #.#
#.....#.# ##'##
#.###@##.#.##
##...###...Sgb...##
##...).######.#####
##.......## #(.##
#.........####...######
+.........+........$...
#.........####......###
##.......## #..#...#
##.....## #.##...#


You could see a hobgoblin, a bat and a ball python.

Vanquished Creatures
  An endoplasm (D:1)
  A goblin (D:1)
2 creatures vanquished.

Notes
Turn   | Place    | Note
-------+----------+-------------------------------------------
     0 | D:1      | Crownlay the Felid Ice Elementalist began the quest for the
                  | Orb.
     0 | D:1      | Reached XP level 1. HP: 7/7 MP: 4/4
    82 | D:1      | Slain by a bat

Illustrated notes

Levels and vault maps discovered:
D:1:      kennysheep_arrival_seaside, layout_loops_corners

Action                   || total
-------------------------++-------
Melee: Unarmed           ||     9
 Stab: Sleeping          ||     2
Armor: Skin              ||     2
Dodge: Dodged            ||    12
